 Dungeon Crawl Stone Soup version 0.31-a0-841-g038b102fc3 (webtiles) character file.

Game seed: 9222550097747176397

53383 scionoferis the Brawler (level 14, -1/130 HPs)
             Began as a Hill Orc Monk on Sept 27, 2023.
             Was an Elder of Beogh.
             Slain by an orc knight
             ... wielding a +0 bardiche
              (23 damage)
             ... on level 2 of the Orcish Mines.
             The game lasted 01:08:10 (20950 turns).

scionoferis the Brawler (Hill Orc Monk)            Turns: 20950, Time: 01:08:11

Health: -1/130     AC: 36    Str: 19    XL:     14   Next: 68%
Magic:  2/25       EV:  8    Int: 10    God:    Beogh [****..]
Gold:   1303       SH:  0    Dex: 13    Spells: 13/13 levels left

rFire   . .          .
                       - Unarmed
rCold   + . .        c - orb {light}
rNeg    . . .        e - +4 plate armour {rC+}
rPois   .            X - +0 helmet
rElec   .            q - +2 cloak
rCorr   .            f - +1 pair of gloves
SInv    .            H - +1 pair of boots
Will    +....        h - amulet of the acrobat Stlth
                     o - +4 ring of protection
HPRegen 0.41/turn    Z - +4 ring of protection
MPRegen 0.19/turn

%: acrobat
@: glowing
A: no striking features
a: Renounce Religion, Smiting, Recall Orcish Followers


You were on level 2 of the Orcish Mines.
You worshipped Beogh.
Beogh was greatly pleased with you.
You visited 3 branches of the dungeon, and saw 20 of its levels.
You also visited: Volcano.

You collected 1449 gold pieces.
You spent 146 gold pieces at shops.


   Skills:
 + Level 13.6 Fighting
 - Level 10.0 Armour
 - Level 5.0 Dodging
 * Level 17.1 Unarmed Combat
 * Level 15.3 Invocations
 - Level 6.0 Evocations


You had 13 spell levels left.
You didn't know any spells.
Your spell library contained the following spells:

 Spells                   Type           Power      Damage    Failure   Level
 Apportation              Tloc           0%         N/A       100%        1
 Jinxbite                 Hex            0%         N/A       100%        2
 Scorch                   Fire           0%         2d5       100%        2
 Static Discharge         Conj/Air       0%         2-2/arc   100%        2
 Dazzling Flash           Conj/Hex       0%         N/A       100%        3
 Airstrike                Air            0%         2d(0-16)  100%        4
 Flame Wave               Conj/Fire      0%         2d4       100%        4
 Summon Lightning Spire   Summ/Air       0%         N/A       100%        4
 Agony                    Necr           0%         N/A       100%        5
 Alistair's Intoxication  Tmut/Pois      0%         N/A       100%        5
 Silence                  Hex/Air        0%         N/A       100%        5
 Summon Cactus Giant      Summ           0%         N/A       100%        6

Inventory:

Hand Weapons
 D - a +6 arbalest of freezing
   (You found it on level 5 of the Lair of Beasts)
 L - a +2 hand cannon of flaming
   (You found it in a volcano)
Missiles
 m - 2 curare-tipped darts
 B - 43 poisoned darts (quivered)
 F - 5 datura-tipped darts
 V - 2 throwing nets
Armour
 c - an orb of light (worn)
 e - a +4 plate armour of cold resistance (worn)
   (You found it on level 5 of the Lair of Beasts)
 f - a +1 pair of gloves (worn)
   (You found it on level 2 of the Lair of Beasts)
 j - a +2 chain mail of fire resistance
   (You took it off a hell knight in a volcano)
 q - a +2 cloak (worn)
   (You took it off Crazy Yiuf on level 3 of the Dungeon)
 H - a +1 pair of boots (worn)
   (You found it on level 7 of the Dungeon)
 X - a +0 helmet (worn)
   (You found it on level 12 of the Dungeon)
Jewellery
 h - an amulet of the acrobat (around neck)
   (You found it on level 1 of the Dungeon)
 i - a ring of poison resistance
   (You found it on level 8 of the Dungeon)
 o - a +4 ring of protection (left hand)
   (You found it on level 5 of the Lair of Beasts)
 P - a ring of ice
   (You found it on level 1 of the Dungeon)
 Z - a +4 ring of protection (right hand)
   (You found it on level 5 of the Lair of Beasts)
Wands
 t - a wand of digging (9)
   (You found it on level 4 of the Dungeon)
 w - a wand of mindburst (34)
   (You took it off Pikel on level 5 of the Dungeon)
 E - a wand of charming (5)
   (You found it on level 6 of the Dungeon)
 G - a wand of polymorph (15)
   (You found it on level 7 of the Dungeon)
 N - a wand of iceblast (7)
   (You found it on level 10 of the Dungeon)
 R - a wand of flame (36)
   (You took it off Eustachio on level 4 of the Dungeon)
Scrolls
 g - a scroll of blinking
 n - a scroll of fog {unknown}
 p - 5 scrolls of revelation
 r - 2 scrolls of enchant armour {unknown}
 y - 6 scrolls of teleportation
 A - a scroll of silence {unknown}
 I - 2 scrolls of immolation {unknown}
 K - 2 scrolls of vulnerability {unknown}
 S - a scroll of noise {unknown}
 T - 3 scrolls of fear
 Y - a scroll of butterflies {unknown}
Potions
 a - 6 potions of haste
 b - a potion of ambrosia
 d - a potion of attraction {unknown}
 k - 4 potions of might
 l - 2 potions of resistance {unknown}
 s - 3 potions of heal wounds
 z - 9 potions of curing
 J - 2 potions of cancellation {unknown}
 O - a potion of invisibility {unknown}
 U - a potion of lignification {unknown}
 W - a potion of mutation {unknown}

Dungeon Overview and Level Annotations

Branches:
Dungeon (13/15)            Temple (0/1) D:6            Lair (5/5) D:8
 Shoals (0/4) Lair:2       Spider (0/4) Lair:3        Slime (0/5) Lair:4
    Orc (2/2) D:10        Volcano (visited)
    Elf: Orc:2       Vaults: D:13-14

Altars:
Gozag
Uskayaw
Wu Jian
Xom
Zin
Lugonu

Shops:
D:2 (   D:6 [   D:12 *

Portals:
Abyss: Lair:5

Annotations:
D:8 3 runed translucent doors, tinfoiltophat's ghost, novice DjFE
D:13 Rupert

.......###..#.###
....#.)..#.......#
.......)..........#
............<.....#
...#...)..........#
..#....)...^$..)..##.
........)..o)o..)oo..
#.....)...o@ooo)o.#
#.....)))))ooo)...#
...#..)))..o.$....#
#..)))......)..#
#...............#
#......).........#
..#...).)...$.....#
..................#
...)............o#


You could see 3 orc knights, 2 orc warriors, 4 friendly orc warriors, a friendly
orc priest, the friendly Boderik the orc priest and 2 friendly orc wizards.


Message History

The troll claws you but does no damage.
Your orc barely misses the troll.
Your orc warrior barely misses the orc wizard.
The orc wizard hits your orc warrior but does no damage.
Something hits your orc.
Your orc hits something but does no damage.
You completely miss the troll.
Unknown command.
You hit the troll but do no damage.
Your orc priest hits something but does no damage.
The troll bites you! The troll claws you. The troll closely misses you.
Your orc hits the troll with a +0 dagger.
Your orc hits the troll with a +0 club.
Your orc warrior hits the orc wizard with a +0 battleaxe!
Your orc hits the orc wizard with a +0 mace.
The orc wizard dies!
Beogh accepts your kill.
Reactivating autopickup.
Your orc looks more experienced.
Something hits your orc.
Your orc dies!
A gnoll comes into view. It is wielding a +0 club.
You barely miss the troll.
The troll is lightly wounded.
Your orc priest hits something with a +1 morningstar of protection!
Beogh accepts your kill.
Beogh appreciates your killing of a heretic priest.
You feel a bit more experienced.
Your orc priest looks more experienced.
Your orc hits the troll with a +0 dagger.
Your orc hits the troll with a +0 club. The troll bites you.
The troll claws you but does no damage. x2
You pummel the troll!!
The troll is almost dead.
Unknown command.
You pummel the troll!!
You kill the troll!
Beogh accepts your kill.
Your orc looks more experienced. x2
Unknown command.
A gnoll comes into view. It is wielding a +0 club.
Found a dagger.
Your orc closely misses the gnoll.
Your orc barely misses the gnoll.
Your orc priest barely misses the gnoll.
The gnoll barely misses you.
A throwing net appears from out of your range of vision.
The throwing net barely misses your orc priest.
Something hits your orc priest. Something burns your orc priest.
You see here a +0 giant spiked club.
You swap places.
Your orc hits the gnoll with a +0 mace. The gnoll closely misses you.
You pummel the gnoll!!
You kill the gnoll!
Beogh accepts your kill.
Your orc wizard hits the gnoll with a +0 dagger.
The gnoll hits your orc warrior but does no damage.
A gnoll comes into view. It is wielding a +0 whip.
Your orc priest calls down the wrath of Beogh upon the gnoll.
The gnoll is smitten.
You swap places.
Your orc wizard hits the gnoll but does no damage.
Your orc priest hits the gnoll with a +1 morningstar of protection!
The gnoll dies!
Beogh accepts your kill. The gnoll completely misses you.
You see here a +0 halberd.
You pummel the gnoll!!
You kill the gnoll!
Beogh accepts your kill.
Erica the Fiery-Tempered comes into view.
She is wielding a +4 scimitar of flaming and wearing a +2 robe of willpower.
Your orc priest calls down the wrath of Beogh upon Erica.
Erica is smitten.
Erica casts a spell at you.
The bolt of poison hits your orc warrior!!
The bolt of poison misses you.
You see here a +0 club.
Your orc priest calls upon Beogh to heal your orc warrior.
Your orc warrior is healed somewhat.
Your orc hits the gnoll with a +0 mace. You hit the gnoll but do no damage.
The gnoll is lightly wounded.
The gnoll hits you but does no damage.
Your orc hits Erica but does no damage.
Your orc warrior hits Erica with a +0 battleaxe.
Your orc closely misses the gnoll.
Press: ? - help, v - describe, . - travel
Here: Erica, wielding a +4 scimitar of flaming and wearing a +2 robe of willpower (moderately wounded, slightly transparent, ally target, haloed)
The floor.
Erica misses you.
Your orc priest hits Erica with a +1 morningstar of protection!
Your orc warrior closely misses Erica.
Your orc barely misses Erica.
Your orc warrior barely misses the gnoll.
The gnoll closely misses you.
Your orc hits the gnoll with a +0 mace!
Unknown command.
You hit Erica.
Erica is heavily wounded.
Erica hits you with a +4 scimitar of flaming.
Erica burns you.
Your orc priest closely misses Erica.
Your orc warrior completely misses Erica.
Your orc hits Erica but does no damage.
Your orc wizard gestures at the gnoll while chanting.
The magic dart hits the gnoll.
The gnoll dies!
Beogh accepts your kill.
You barely miss Erica.
Erica is heavily wounded.
Erica hits you but does no damage.
Your orc hits Erica with a +0 mace. Your orc hits Erica but does no damage.
Your orc warrior barely misses Erica.
Your orc priest begins to cast a cantrip, but forgets the words!
You completely miss Erica.
Erica is heavily wounded.
You hit Erica.
Erica is severely wounded.
Erica hits you but does no damage.
Your orc closely misses Erica.
Your orc warrior hits Erica with a +0 battleaxe!
Your orc hits Erica but does no damage.
Your orc priest closely misses Erica.
You pummel Erica!!
You kill Erica!
Beogh accepts your kill.
Beogh blesses your orc priest with healing.
Your orc priest looks more experienced.
Your orc warrior looks more experienced.
Your orc wizard looks more experienced.
Your orc looks more experienced.
You swap places.
Things that are here:
a +4 scimitar of flaming; a +2 robe of willpower You swap places.
You swap places.
You see here a +0 whip.
You swap places.
You see here a +0 club.
Found 23 gold pieces.
V - 2 throwing nets (gained 1) Unknown command.
HP restored.
You now have 1198 gold pieces (gained 25).
Things that are here:
a +0 dagger; a +0 scale mail; an orc corpse You now have 1221 gold pieces (gained 23).
You swap places.
You now have 1237 gold pieces (gained 16).
Things that are here:
a +0 dagger; a +0 robe; an orc corpse You swap places.
You swap places.
A warg comes into view.
The warg howls!
You hit the warg.
The warg is lightly wounded.
The warg bites you but does no damage.
You punch the warg!
The warg is heavily wounded.
The warg closely misses you.
You punch the warg!
The warg is almost dead.
The warg closely misses you.
Your orc wizard gestures at the warg while chanting.
The puff of flame hits the warg.
The warg dies!
Beogh accepts your kill.
Your orc wizard looks more experienced.
You now have 1257 gold pieces (gained 20).
You swap places.
You now have 1267 gold pieces (gained 10).
You swap places.
You swap places.
You now have 1281 gold pieces (gained 14).
You swap places.
You swap places.
Your orc priest says, "scionoferis, I like you."
You swap places.
The orc stares at you in amazement and kneels.
It shouts, "I'll follow thee gladly!"
An orc comes into view. It is wielding a +0 mace.
Your orc hits something with a +0 mace!
No target in view!
No target in view!
An orc wizard comes into view. It is wielding a +1 dagger of speed.
Something hits your orc.
Your orc closely misses something.
The orc wizard moves out of view.
Something hits your orc!
Your orc dies!
You hear a shout!
You punch the orc wizard!
The orc wizard is severely wounded.
You hear a shout!
You punch the orc wizard!
You kill the orc wizard!
Beogh accepts your kill.
The orc warrior stares at you in amazement and kneels.
It shouts, "I'll follow thee gladly!"
An orc warrior and an orc wizard come into view.
Your orc warrior hits the orc wizard from afar with a +0 trident!
The orc wizard dies!
Beogh accepts your kill.
Things that are here:
a +1 dagger of speed; a +0 robe; an orc corpse
Things that are here:
a +0 dagger; a +0 robe; an orc corpse You swap places.
You swap places.
You swap places.
You swap places.
You swap places.
Things that are here:
a +1 dagger of speed; a +0 robe; an orc corpse You now have 1303 gold pieces (gained 22).
You swap places.
You swap places.
You swap places.
You swap places.
You swap places.
You swap places.
Done exploring.
Your orc warrior says, "May Beogh smile on you, scionoferis."
There is a staircase back to the Dungeon here.
What are your orders? t - Shout!
Orders for allies: a - Attack new target. r - Retreat! s - Stop attacking. g - Guard the area. f - Follow me.
Anything else - Cancel.
Follow me!
You climb upwards.
Welcome back to the Dungeon!
There is a staircase to the Orcish Mines here.
You swap places.
You swap places.
You open the door.
You swap places.
You swap places.
There is a staircase to the Orcish Mines here.
You swap places.
You swap places.
There is a staircase to the Orcish Mines here.
You begin recalling your allies.
You finish recalling your allies.
What are your orders? t - Shout!
Orders for allies: a - Attack new target. r - Retreat! s - Stop attacking. g - Guard the area. f - Follow me.
Anything else - Cancel.
Follow me!
What are your orders? t - Shout!
Orders for allies: a - Attack new target. r - Retreat! s - Stop attacking. g - Guard the area. f - Follow me.
Anything else - Cancel.
Guard this area!
You climb downwards.
Welcome back to the Orcish Mines!
There is a staircase back to the Dungeon here.
Magic restored.
Done exploring.
Search for what [Enter for "orc", or ? for help]? orc Unknown command.
There is an escape hatch in the floor here.
There is a stone staircase leading down here.
You begin recalling your allies.
Berold is recalled.
Your orc high priest is recalled.
Your orc high priest is recalled.
Gorbash is recalled.
Your orc priest is recalled.
Your orc warrior is recalled.
Your orc wizard is recalled.
Your orc is recalled.
Your orc warrior is recalled.
Your orc is recalled. x2
Your orc warrior is recalled.
Your orc warrior is recalled.
You finish recalling your allies.
What are your orders? t - Shout!
Orders for allies: a - Attack new target. r - Retreat! s - Stop attacking. g - Guard the area. f - Follow me.
Anything else - Cancel.
Guard this area!
You climb downwards.
The orc priest stares at you in amazement and kneels.
The orc falls on its knees before you.
The orc stares at you in amazement and kneels.
It asks, "Are you our saviour?"
A malevolent force fills the Orcish Mines...
With a horrendous wail, an alarm goes off!
A sentinel's mark forms upon you.
The orc sorcerer shouts!
You hear a shout! x9; You hear two shouts!
You hear a shout! x14; You hear a howl!
You hear a shout! x13; You hear a howl!
You hear a shout! x3
Found 58 gold pieces.
Found a stone staircase leading up.
There is a stone staircase leading up here.
The ogre barely misses you.
You climb upwards.
Berold hits the ogre from afar with a +0 glaive!!
The ogre dies!
Beogh accepts your kill.
There is a stone staircase leading down here.
Unknown command.
You climb downwards.
Your orc priest mumbles some strange prayers to Beogh against something.
An orc comes into view.
It is wielding a +0 hand axe and wearing a +1 leather armour of fire resistance.
There is a stone staircase leading up here.
Unknown command.
Aiming: Smiting
Press: ? - help, Dir - move target, f - orc sorcerer Smite: an orc sorcerer, wielding a +0 dagger and wearing a +2 robe of cold resistance (ally target, haloed)
You smite the orc sorcerer!!
You kill the orc sorcerer!
Beogh accepts your kill.
Your orc priest looks more experienced.
Your orc looks more experienced. x2
Your orc priest barely misses something.
An orc comes into view. It is wielding a +0 short sword.
The orc relaxes its fighting stance and smiles at you.
It shouts, "I'll follow thee gladly!"
Your Invocations skill increases to level 15!
The orc relaxes its fighting stance and smiles at you.
It says, "I'm so glad you are here now."
An orc, a warg and an orc warrior come into view.
The warg bites your orc priest!
An orc wizard comes into view. It is wielding a +0 dagger.
An orc warrior comes into view. It is wielding a +0 battleaxe.
Your orc priest hits the warg but does no damage.
Your orc closely misses the orc.
Your orc moves out of view.
Something misses your orc.
Your orc priest hits the warg but does no damage.
The orc closely misses your orc.
The orc hits your orc with a +0 hand axe.
Something hits your orc.
Your orc hits something but does no damage.
The orc falls on its knees before you.
It shouts, "Surely Beogh must have sent you!"
The orc wizard falls on its knees before you.
It shouts, "I'll follow thee gladly!"
The orc relaxes its fighting stance and smiles at you.
It shouts, "Surely Beogh must have sent you!"
An orc warrior, a two-headed ogre, an orc wizard and 2 orcs come into view.
Your orc wizard is wielding a +0 dagger and wearing a +0 robe of cold resistance.
Your orc barely misses the orc warrior.
The orc warrior hits your orc with a +0 battleaxe!
Your orc dies!
The orc warrior barely misses your orc.
An orc wizard comes into view. It is wielding a +0 dagger.
An orc comes into view. It is wielding a +0 hand axe.
The orc stares at you in amazement and kneels.
It says, "I'm so glad you are here now."
An orc knight comes into view. It is wielding a +0 great mace.
Your orc hits the warg with a +0 whip. Your orc misses the orc.
Your orc hits the orc but does no damage.
The orc hits your orc but does no damage.
The orc hits your orc with a +0 hand axe.
Your orc dies! 2 orc warriors and an orc come into view.
Found 17 gold pieces.
The warg bites your orc but does no damage.
Your orc hits the warg with a +0 whip.
Your orc hits the orc with a +0 morningstar!
The orc dies!
Beogh accepts your kill.
Your orc priest hits the warg with a +0 dagger.
You hit the orc warrior but do no damage.
The warg bites your orc.
The orc warrior hits you with a +0 battleaxe.
Your orc barely misses the warg.
Your orc priest closely misses the warg.
Unknown command.
You hit the orc warrior.
The orc warrior is lightly wounded.
The warg bites your orc!
Unknown command.
You punch the orc warrior!
The orc warrior is severely wounded.
The orc warrior hits you but does no damage.
The orc warrior hits your orc with a +0 battleaxe!
Your orc wizard points at the warg and mumbles some strange words.
The magic dart hits the warg!
An orc priest comes into view. It is wielding a +0 flail.
The orc priest falls on its knees before you.
Your orc hits the warg with a +0 whip.
The warg dies!
Beogh accepts your kill.
Your orc looks more experienced.
Your orc hits the orc warrior with a +0 morningstar!
The orc warrior dies!
Beogh accepts your kill.
Your orc looks more experienced.
Beogh blesses Milork with healing.
Your orc hits the orc warrior with a +0 club.
The orc warrior throws a boomerang.
The boomerang hits your orc!
Your orc dies!
Unknown command.
Aiming: Smiting
Press: ? - help, Dir - move target, f - orc priest Smite: an orc priest, wielding a +0 flail and wearing a +0 leather armour (friendly)
Okay, then.
Unknown command.
The orc priest falls on its knees before you.
It says, "I'm so glad you are here now."
An orc priest comes into view. It is wielding a +0 dagger.
The orc warrior throws a boomerang.
The boomerang hits you but does no damage.
Your orc closely misses the orc warrior.
Your orc wizard hits the orc knight but does no damage.
The orc warrior barely misses your orc wizard.
Milork hits the orc knight but does no damage.
Your orc priest hits the orc knight but does no damage.
Your orc priest moves out of view.
Things that are here:
a +0 battleaxe; a +0 chain mail; an orc corpse You punch the orc knight!
The orc knight is lightly wounded.
A warg comes into view.
Your orc hits the orc warrior but does no damage.
Your orc wizard gestures at the orc knight while chanting.
The orc knight appears confused.
The orc warrior closely misses your orc wizard.
Your orc priest mumbles some strange prayers to Beogh against the orc knight.
The orc knight is smitten.
You swap places.
An orc wizard comes into view. It is wielding a +3 dagger.
The orc warrior throws a boomerang.
The boomerang hits Milork.
Your orc priest hits something with a +0 dagger.
Something hits your orc priest. x2
Your orc hits the orc warrior with a +0 hand axe.
Your orc wizard hits the orc knight but does no damage.
The orc warrior hits you but does no damage.
The orc knight hits you but does no damage.
Milork hits the orc knight with a +0 morningstar!
Your orc priest calls down the wrath of Beogh upon the orc knight.
The orc knight is smitten.
Something hits your orc priest!
Your orc priest dies!
You hit the orc knight but do no damage.
The orc knight is severely wounded.
An orc comes into view. It is wielding a +0 hand axe.
The orc falls on its knees before you. Something closely misses your orc.
An orc comes into view. It is wielding a +0 club.
The orc stares at you in amazement and kneels.
Your orc hits the orc warrior with a +0 hand axe.
Your orc wizard hits the orc knight but does no damage.
The orc warrior hits you from afar with a +0 trident!
The orc knight barely misses your orc wizard.
Beogh accepts your kill.
Beogh blesses a follower with healing.
You feel a bit more experienced.
Your orc warrior hits the orc knight with a +0 whip.
Milork barely misses the orc knight.
You pummel the orc knight!!
The orc knight is almost dead.
The orc wizard mumbles some strange words.
The orc wizard flickers and vanishes!
Deactivating autopickup; reactivate with Ctrl-A.
The orc warrior hits Milork with a +0 flail!
Unknown command.
You catch the helpless orc knight completely off-guard!
You punch the orc knight!
You kill the orc knight!
Beogh accepts your kill.
Your orc barely misses the orc wizard.
Your orc hits something with a +0 hand axe.
Your orc barely misses something.
An orc sorcerer comes into view. It is wielding a +0 dagger.
Something hits your orc.
An orc warrior comes into view. It is wielding a +0 glaive.
The orc warrior relaxes its fighting stance and smiles at you.
It asks, "Are you our saviour?"
Your orc barely misses the orc warrior.
The orc warrior hits you but does no damage.
Milork hits the orc warrior but does no damage.
The orc warrior closely misses Milork.
The orc wizard hits you but does no damage.
You punch the orc wizard!
The orc wizard is heavily wounded.
The orc warrior hits Milork with a +0 battleaxe!
An orc comes into view. It is wielding a +0 mace.
Something closely misses the orc.
Your orc warrior hits the orc with a +0 glaive.
Your orc hits the orc warrior but does no damage.
The orc warrior hits you but does no damage.
The orc warrior struggles to resist.
The orc sorcerer points at you and mumbles some strange words.
The bolt of negative energy hits your orc!!
Your orc is drained!
Your orc dies!
Milork barely misses the orc warrior.
Your orc priest hits the orc wizard with a +0 dagger.
An orc priest comes into view. It is wielding a +0 mace.
The orc warrior hits Milork with a +0 flail!
Milork dies!
You hit the two-headed ogre but do no damage.
The orc wizard gestures at you while chanting.
The magic dart hits you but does no damage.
Unknown command.
Aiming: Smiting
Press: ? - help, Dir - move target, f - orc sorcerer Smite: an orc sorcerer, wielding a +0 dagger and wearing a +0 robe You smite the orc sorcerer!!
You kill the orc sorcerer!
Beogh accepts your kill.
Your orc priest looks more experienced.
Your orc warrior looks more experienced.
Your orc wizard looks more experienced.
Your orc looks more experienced. x2
The two-headed ogre hits you but does no damage. x2
The orc warrior throws a boomerang.
The boomerang hits your orc priest but does no damage.
The orc wizard casts a spell at you. The puff of flame hits your orc wizard!
An orc high priest comes into view. It is wielding a +0 war axe.
Your orc warrior hits the orc with a +0 glaive!
The orc dies!
Beogh accepts your kill.
Your orc hits the orc warrior with a +0 hand axe.
Your orc wizard gestures wildly while chanting.
Your orc wizard flickers and vanishes for a moment.
The orc warrior hits you but does no damage.
Your orc priest hits the orc wizard with a +0 dagger.
The orc wizard dies!
Beogh accepts your kill. The orc barely misses your orc priest.
The orc warrior misses your orc warrior.
Aiming: Smiting
Press: ? - help, Dir - move target, f - orc high priest Smite: an orc high priest, wielding a +0 war axe You smite the orc high priest!!
The orc high priest is heavily wounded.
You can no longer walk on water.
You can no longer give items to your followers.
Your orc hits the orc wizard with a +0 hand axe.
Your orc priest looks satisfied for a moment.
The orc wizard casts a spell at you.
Your orc wizard resists with some effort.
Your orc wizard casts a spell at the orc wizard.
The magic dart hits the orc wizard.
The orc warrior hits you from afar with a +0 trident.
The orc priest looks braver for a moment.
The orc high priest invokes the aid of Beogh against you.
Beogh smites you!
An orc high priest comes into view. It is wielding a +0 morningstar.
The orc hits your orc priest with a +0 dagger.
The orc wizard points at you and mumbles some strange words.
Your orc warrior appears confused.
The two-headed ogre completely misses you.
The two-headed ogre barely misses you. The warg bites your orc warrior!
Aiming: Smiting
Press: ? - help, Dir - move target, f/p - orc high priest Smite: an orc high priest, wielding a +0 war axe (heavily wounded, ally target)
You smite the orc high priest!!
The orc high priest surrenders.
It shouts, "I'll follow you!
Let me live!"
Your orc warrior hits the warg with a +0 whip.
Your orc hits the orc wizard with a +0 hand axe.
The orc wizard dies!
Beogh accepts your kill.
Your orc looks more experienced.
An orc sorcerer comes into view. It is wielding a +0 dagger.
Your orc priest closely misses the orc.
An orc priest comes into view. It is wielding a +0 dagger.
Your orc hits the orc warrior but does no damage.
The orc warrior barely misses you.
The orc warrior hits your orc priest with a +0 battleaxe!!
Your orc priest dies!
The orc warrior hits your orc warrior with a +0 battleaxe!
An orc wizard comes into view. It is wielding a +0 dagger.
The orc wizard relaxes its fighting stance and smiles at you.
An orc comes into view. It is wielding a +0 flail.
The orc relaxes its fighting stance and smiles at you.
It shouts, "I'll follow thee gladly!"
The orc high priest hits your orc high priest with a +0 morningstar.
The warg barely misses your orc warrior.
Unknown command.
Aiming: Smiting
Press: ? - help, Dir - move target, f - orc sorcerer, p - orc high priest Smite: an orc sorcerer, wielding a +0 dagger and wearing a +0 robe You smite the orc sorcerer!!
You kill the orc sorcerer!
Beogh accepts your kill.
Your orc priest looks more experienced.
Your orc warrior looks more experienced.
The two-headed ogre hits you but does no damage. x2
Your orc warrior hits the warg with a +0 whip!
Your orc hits the orc warrior but does no damage.
The orc warrior barely misses you.
The orc warrior throws a boomerang.
The boomerang hits you but does no damage.
Your orc high priest mumbles some strange prayers to Beogh.
The orc priest mumbles some strange prayers to Beogh against you.
Beogh smites you!
An orc priest comes into view.
It is wielding a +0 hand axe of electrocution.
The orc high priest hits your orc high priest with a +0 morningstar.
The warg bites your orc warrior!
Your orc warrior dies!
Your Unarmed Combat skill increases to level 17!
Aiming: Smiting
Press: ? - help, Dir - move target, f - orc high priest Smite: an orc high priest, wielding a +0 morningstar (ally target)
You smite the orc high priest!!!
The orc high priest is severely wounded.
Your orc high priest prays to Beogh.
An orc wizard comes into view. It is wielding a +0 dagger of venom.
The orc wizard relaxes its fighting stance and smiles at you.
It shouts, "Surely Beogh must have sent you!"
Your orc hits the orc warrior but does no damage.
The orc warrior barely misses you. The orc warrior closely misses you.
The two-headed ogre hits you with a +0 giant spiked club.
The two-headed ogre barely misses you.
Aiming: Smiting
Press: ? - help, Dir - move target, f/p - orc high priest Smite: an orc high priest, wielding a +0 morningstar (severely wounded, ally target)
You smite the orc high priest!!
You kill the orc high priest!
Beogh accepts your kill.
Beogh appreciates your killing of a heretic priest.
Your orc looks more experienced.
Your ice devil disappears in a puff of smoke!
The orc priest hits your orc but does no damage.
Your orc hits the orc warrior but does no damage.
Your orc wizard casts a spell at the warg.
The warg appears confused.
The orc warrior hits you but does no damage.
An orc warrior comes into view. It is wielding a +0 short sword.
The orc warrior stares at you in amazement and kneels.
It asks, "Are you our saviour?"
Your orc wizard gestures at the orc priest while chanting.
The orc priest resists with some effort.
Your orc wizard gestures at the orc priest while chanting.
The magic dart hits the orc priest.
The orc priest barely misses your orc wizard. x2
The orc warrior hits you but does no damage.
Your orange demon barely misses the warg.
You pummel the two-headed ogre!!
The two-headed ogre is heavily wounded.
The two-headed ogre closely misses you.
The two-headed ogre hits you with a +0 giant spiked club.
Your orc hits the orc priest with a +0 hand axe.
The orc warrior completely misses you.
The orc warrior hits you with a +0 scimitar!
Your orc warrior hits the two-headed ogre from afar with a +0 glaive!
Your orc hits the orc warrior with a +0 hand axe.
Your orc wizard points at the warg and mumbles some strange words.
The magic dart hits the warg!
The orc warrior hits you but does no damage.
Your orc priest misses the orc priest.
Your orc wizard hits the orc priest with a +0 dagger of venom.
The orc priest is poisoned.
The orc warrior hits you but does no damage.
The orc hits you but does no damage.
You strike the helpless two-headed ogre from behind!
You hit the two-headed ogre but do no damage.
The two-headed ogre is severely wounded.
Your orc barely misses the orc priest.
The orc warrior hits you but does no damage.
The orc warrior completely misses you.
Your orc warrior hits the two-headed ogre from afar with a +0 glaive!
Your orc hits the orc warrior but does no damage.
Your orc wizard gestures at the warg while chanting.
The warg easily resists.
The orc warrior hits you from afar with a +0 trident.
Your orc wizard casts a spell.
Your orc wizard flickers and vanishes for a moment.
The orc priest calls down the wrath of Beogh upon you.
Beogh smites you!
Your orc hits the orc priest with a +0 flail.
The orc priest looks satisfied for a moment.
An orc priest comes into view. It is wielding a +0 dagger.
The orc priest stares at you in amazement and kneels.
The orc warrior hits you but does no damage.
The orc hits you but does no damage.
You punch the two-headed ogre!
You kill the two-headed ogre!
Beogh accepts your kill.
Your orc wizard looks more experienced. x2; Your orc looks more experienced. x2
Your ynoxinul gestures.
Your smoke demon hits the warg.
Your smoke demon hits the warg but does no damage.
Your smoke demon hits the warg.
Your orc warrior hits the orc priest with a +0 hand axe!
The orc warrior closely misses you.
Your orc hits the orc warrior with a +0 club.
Your orc warrior hits the orc priest with a +0 glaive!
The orc priest dies!
Beogh accepts your kill.
Beogh appreciates your killing of a heretic priest.
Your orc hits the orc warrior but does no damage.
Your orc priest hits the orc priest with a +0 flail!
Your orc wizard closely misses the orc priest.
Your orc hits the orc priest with a +0 flail!
The orc priest dies!
Beogh accepts your kill.
Beogh appreciates your killing of a heretic priest.
Your orc looks more experienced.
The orc warrior closely misses you. The warg bites your orc wizard.
Your orange demon stings the warg from afar.
Your ynoxinul barely misses the warg.
Items here: )) ††.
You catch the helpless warg completely off-guard!
You punch the warg!
You kill the warg!
Beogh accepts your kill.
Your orc priest miscasts a cantrip.
Your orc wizard misses the orc warrior.
Your orc priest closely misses the orc priest.
The orc warrior hits you but does no damage.
Your orc barely misses the orc warrior.
The orc warrior hits your orc warrior with a +0 battleaxe!
The orc warrior hits you but does no damage.
The orc warrior hits your orc with a +0 battleaxe.
The orc warrior closely misses your orc.
Your orc high priest calls upon Beogh to heal your orc warrior.
Your orc warrior's wounds heal themselves!
Something barely misses your orc priest.
Something misses your orc priest.
The orc warrior hits you but does no damage.
The orc warrior closely misses you.
The orc wizard hits your ufetubus with a +0 dagger.
Unknown command.
You hit the orc warrior.
The orc warrior is moderately wounded.
Your ufetubus hits the orc warrior but does no damage. x2
Your orc high priest calls upon Beogh to heal your orc.
Your orc's wounds heal themselves!
The orc warrior hits your orc wizard with a +0 scimitar!
Your orc wizard dies!
Your orc hits the orc warrior but does no damage.
Your orc warrior barely misses the orc warrior.
Your orc closely misses the orc warrior.
Your orc hits the orc warrior but does no damage.
The orc warrior barely misses your orc warrior.
The orc warrior barely misses you.
The orc warrior hits your orc with a +0 battleaxe. x2
Your orc priest looks satisfied for a moment.
Your orc priest misses something.
Something closely misses your orc priest. x2
Something barely misses your orc priest.
The orc warrior hits you from afar with a +0 trident!
The orc wizard hits your ufetubus with a +0 dagger.
Your ufetubus dies!
Your ufetubus disappears in a puff of smoke!
The orc warrior barely misses you.
Unknown command.
You hit the orc warrior.
The orc warrior is moderately wounded.
Unknown command.
Unknown command.
Unknown command.
You hit the orc warrior.
The orc warrior is moderately wounded.
Your ufetubus hits the orc wizard but does no damage.
Your ufetubus hits the orc wizard.
Your orc priest hits something but does no damage.
Your orc priest hits the orc priest with a +0 flail!
An orc knight comes into view. It is wielding a +0 long sword.
The orc warrior barely misses you.
The orc warrior hits your orc warrior with a +0 battleaxe!
The orc warrior misses your orc warrior.
The orc warrior hits your orc with a +0 battleaxe!
Your orc dies!
The orc warrior completely misses your orc warrior.
Your orc warrior closely misses the orc warrior.
Your orc warrior hits the orc warrior but does no damage.
Your orc high priest invokes the aid of Beogh against the orc warrior.
The orc warrior is smitten.
Your orc wizard barely misses the orc wizard.
Something hits your orc priest.
The orc priest invokes the aid of Beogh against you.
Beogh smites you!
Something hits your orc priest but does no damage.
Something barely misses your orc priest.
The orc warrior hits you but does no damage.
The orc wizard hits your ufetubus but does no damage.
The orc warrior closely misses you.
Unknown command.
Unknown command.
You punch the orc warrior!
The orc warrior is severely wounded.
Your ufetubus hits the orc warrior but does no damage.
Your ufetubus hits the orc warrior.
Your orange demon closely misses the orc warrior.
The orc warrior hits you with a +0 battleaxe.
The orc warrior hits your orc warrior with a +0 battleaxe!
The orc warrior hits your orc warrior with a +0 battleaxe.
Your orc warrior hits the orc warrior from afar with a +0 glaive!
The orc warrior dies!
Beogh accepts your kill.
Your orc warrior looks more experienced.
Your orc wizard hits the orc with a +0 dagger.
Your orc priest hits the orc priest with a +0 flail!
The orc priest dies!
Beogh accepts your kill.
Beogh appreciates your killing of a heretic priest.
Your orc priest looks more experienced.
Your orc wizard casts a spell at the orc warrior.
The orc warrior resists with some effort.
Your orc priest hits something but does no damage.
Your orc closely misses the orc wizard.
Something hits your orc priest!
Something barely misses your orc priest.
Something hits your orc priest.
The orc hits your orc warrior but does no damage.
The orc wizard hits your orc warrior but does no damage.
The orc warrior hits you but does no damage.
Unknown command.
You punch the orc warrior!
You kill the orc warrior!
Beogh accepts your kill.
Your ufetubus barely misses the orc wizard.
Your ufetubus misses the orc wizard. Your ynoxinul hits the orc wizard.
Your orange demon stings the orc wizard but does no damage.
Unknown command.
Unknown command.
Unknown command.
You punch the orc warrior!
The orc warrior is heavily wounded.
Your ufetubus closely misses the orc wizard.
Your ufetubus barely misses the orc wizard.
Your orc priest calls down the wrath of Beogh upon something.
Your orc hits the orc warrior but does no damage.
Your orc warrior hits the orc warrior from afar with a +0 glaive!
Your orc warrior closely misses the orc warrior.
Your orc high priest mumbles some strange prayers to Beogh against the orc warrior.
The orc warrior is smitten.
Your orc priest begins to cast a cantrip, but forgets the words!
Something hits your orc priest.
Your orc wizard hits the orc with a +0 dagger of venom.
The orc dies!
Beogh accepts your kill.
Your orc wizard hits the orc wizard with a +0 dagger.
Your orc completely misses the orc wizard.
Something hits your orc priest but does no damage.
The orc warrior barely misses you.
The orc wizard hits your orc warrior but does no damage.
The orc warrior hits your orc high priest from afar with a +0 trident!
Your orc high priest dies!
Your ynoxinul disappears in a puff of smoke!
Your ufetubus disappears in a puff of smoke!
Your smoke demon disappears in a puff of smoke!
Your orange demon disappears in a puff of smoke!
The orc warrior shouts!
Unknown command.
Unknown command.
You pummel the orc warrior!!
You kill the orc warrior!
Beogh accepts your kill.
Your orc priest hits something but does no damage.
Your orc warrior hits the orc warrior with a +0 hand axe.
The orc warrior dies!
Beogh accepts your kill.
Your orc warrior looks more experienced.
Your orc priest mumbles some strange prayers to Beogh against the orc wizard.
The orc wizard writhes in agony!
The orc wizard dies!
Beogh accepts your kill.
Reactivating autopickup.
Something barely misses your orc priest.
Something hits your orc priest but does no damage.
Something hits your orc priest.
Your orc priest dies!
An orc sorcerer comes into view.
It is wielding a +0 dagger and wearing a +2 robe of resistance.
Unknown command.
Unknown command.
Aiming: Smiting
Press: ? - help, Dir - move target, f - orc sorcerer Smite: an orc sorcerer, wielding a +0 dagger and wearing a +2 robe of resistance You smite the orc sorcerer!!
The orc sorcerer falls to its knees.
It shouts, "I'll follow you!
Let me live!"
The sentinel's mark upon you fades away.
An orc sorcerer comes into view. It is wielding a +0 dagger.
The orc sorcerer falls on its knees before you.
It shouts, "I'll follow thee gladly!"
The chaos spawn degenerates into a cloud of primal chaos!
Something hits your orc sorcerer but does no damage.
Something completely misses your orc sorcerer.
An orc knight, an orc high priest and an orc wizard come into view.
The orc knight shouts!
The orc wizard shouts!
Your orc sorcerer hits the orc wizard with a +0 dagger.
The orc wizard hits your orc sorcerer with a +0 dagger.
The orc knight hits your orc sorcerer with a +0 bardiche!!
Your orc sorcerer dies!
Your orc sorcerer gestures wildly while chanting.
You punch the orc knight!
The orc knight is moderately wounded.
You pummel the orc knight!!
The orc knight is severely wounded.
You hear a shout!
An orc priest comes into view. It is wielding a +0 dagger.
Your orc warrior hits the orc knight but does no damage.
Your orc priest calls upon Beogh to heal your orc.
Your orc's wounds heal themselves!
An orc priest comes into view. It is wielding a +0 club.
The orc knight hits your orc warrior with a +0 long sword.
The orc high priest calls upon Beogh to heal the orc knight.
The orc knight is healed somewhat.
Your orc sorcerer hits the orc high priest with a +0 dagger.
You hit the orc knight.
The orc knight is heavily wounded.
The orc knight hits your orc sorcerer with a +0 bardiche!!
Your orc sorcerer dies!
Your rust devil disappears in a puff of smoke!
Your orc warrior hits the orc knight with a +0 hand axe.
Your orc priest calls down the wrath of Beogh upon the orc knight.
The orc knight is smitten.
The orc knight hits your orc with a +0 long sword!
Your orc dies!
An orc knight comes into view. It is wielding a +0 glaive.
You pummel the orc knight!!
You kill the orc knight!
Beogh accepts your kill.
Your orc wizard looks more experienced.
Your orc looks more experienced.
Beogh blesses Boderik with priesthood.
Your orc warrior looks more experienced.
Unknown command.
Unknown command.
Aiming: Smiting
Press: ? - help, Dir - move target, f - orc priest Smite: an orc priest, wielding a +0 dagger and wearing a +0 scale mail (black smoke)
You smite the orc priest!!
You kill the orc priest!
Beogh accepts your kill.
Beogh appreciates your killing of a heretic priest.
Your orc priest begins to cast a cantrip, but forgets the words!
Your orc wizard casts a spell.
Your orc wizard flickers and vanishes for a moment.
An orc warrior comes into view. It is wielding a +0 glaive.
The orc warrior stares at you in amazement and kneels.
The orc warrior relaxes its fighting stance and smiles at you.
It shouts, "Surely Beogh must have sent you!"
An orc warrior comes into view. It is wielding a +0 battleaxe.
Your orc warrior hits the orc knight with a +0 glaive!
The orc knight roars a battlecry!
The orcs go into a battle-frenzy!
Things that are here:
a +0 long sword; a +0 chain mail; an orc corpse You swap places.
An orc knight comes into view. It is wielding a +0 great sword.
The orc knight shouts!
The orc wizard completely misses you.
Your orc warrior hits the orc wizard with a +0 hand axe.
Your orc warrior hits the orc high priest with a +0 hand axe.
Your orc warrior barely misses the orc wizard.
The orc knight roars a battlecry!
The orc knight goes into a battle-frenzy!
Your orc warrior closely misses the orc knight.
Your orc warrior misses the orc knight.
Your orc warrior hits the orc knight with a +0 battleaxe!
The orc high priest hits your orc warrior with a +0 short sword.
You punch the orc high priest!
The orc high priest is heavily wounded.
The orc knight closely misses you.
The orc high priest calls down the wrath of Beogh upon you.
Pain shoots through your body!
Your orc warrior hits the orc high priest with a +0 hand axe.
Your orc warrior barely misses the orc wizard.
Your orc warrior hits the orc priest with a +0 glaive!
The orc priest dies!
Beogh accepts your kill.
Beogh appreciates your killing of a heretic priest.
Your orc warrior looks more experienced.
The orc wizard hits you but does no damage.
Your orc warrior hits the orc knight from afar with a +0 glaive!
The orc knight roars a battlecry!
An orc warrior comes into view. It is wielding a +0 halberd.
You hit the orc high priest.
The orc high priest is heavily wounded.
The orc knight hits your orc warrior with a +0 great sword!!!
Your orc warrior dies!
The orc wizard hits you but does no damage.
Your orc warrior hits the orc wizard with a +0 glaive!
The orc wizard dies!
Beogh accepts your kill.
Your orc wizard points at the orc high priest and mumbles some strange words.
The magic dart hits the orc high priest.
The orc high priest hits you but does no damage.
The orc knight hits you from afar with a +0 bardiche!!
* * * LOW HITPOINT WARNING * * *
You hit the orc high priest.
The orc high priest is severely wounded.
The orc knight roars a battlecry!
Your orc wizard hits the orc high priest but does no damage.
The orc high priest is poisoned.
Your orc warrior hits the orc high priest with a +0 hand axe.
Boderik invokes the aid of Beogh against the orc high priest.
The orc high priest is smitten.
Your orc warrior barely misses the orc high priest.
The orc knight barely misses you.
Your orc warrior closely misses the orc knight.
Your orc warrior barely misses the orc knight.
The orc high priest hits you but does no damage.
The orc knight hits you from afar with a +0 bardiche!
* * * LOW HITPOINT WARNING * * *
You barely miss the orc high priest.
The orc high priest is almost dead.
Unknown command.
Unknown command.
Unknown command.
Aiming: Smiting
Press: ? - help, Dir - move target, f - orc high priest Smite: an orc high priest, wielding a +0 short sword and wearing a +0 chain mail (almost dead, strong, very poisoned, ally target, haloed)
You smite the orc high priest!!!
You kill the orc high priest!
Beogh accepts your kill.
Beogh appreciates your killing of a heretic priest.
Your orc warrior looks more experienced.
Your orc wizard looks more experienced.
Your orc priest looks more experienced.
Your orc warrior hits the orc knight from afar with a +0 glaive.
The orc knight barely misses you.
Your orc warrior hits the orc knight with a +0 battleaxe!
Your orc warrior barely misses the orc knight.
An orc warrior comes into view. It is wielding a +0 mace.
The orc knight hits you from afar with a +0 bardiche!!
You die...
Beogh appreciates the orc knight's killing of a heretic priest.

Skill      XL: |  1  2  3  4  5  6  7  8  9 10 11 12 13 14 |
---------------+-------------------------------------------+-----
Fighting       | 4 5 6 8 9 10 11 12 13 | 13.6
Unarmed Combat | 4 5 6 7 8 10 11 12 13 14 16 17 | 17.1
Armour         | 2 4 5 6 7 8 10 | 10.0
Evocations     | 1 3 4 6 |  6.0
Dodging        | 3 4 5 |  5.0
Invocations    | 5 8 10 13 15 | 15.3

Action                     |  1- 3 |  4- 6 |  7- 9 | 10-12 | 13-15 || total
---------------------------+-------+-------+-------+-------+-------++-------
  Melee: Unarmed           |   103 |    78 |   282 |   536 |   332 ||  1331
  Throw: Dart              |       |       |    10 |    20 |       ||    30
 Invoke: Convert to Beogh  |       |       |     1 |       |       ||     1
         Smiting           |       |       |       |     7 |    25 ||    32
         Recall Orcish Fol |       |       |       |     4 |     9 ||    13
  Evoke: Wand              |       |     7 |     4 |     4 |     2 ||    17
    Use: Scroll            |       |       |       |     6 |     8 ||    14
         Potion            |       |       |       |       |     1 ||     1
   Stab: Distracted        |       |       |       |     7 |     8 ||    15
         Confused          |       |       |       |       |     2 ||     2
 Armour: Robe              |    13 |       |       |       |       ||    13
         Ring mail         |    23 |    30 |   128 |   297 |    96 ||   574
         Chain mail        |       |       |       |       |    78 ||    78
         Plate armour      |       |       |       |       |    84 ||    84
  Dodge: Dodged            |    55 |    44 |   150 |   274 |   208 ||   731

Levels and vault maps discovered:
D:1:      dpeg_arrival_shrine, layout_basic
D:2:      layout_basic, basic_altar, serial_shops, shop
D:3:      layout_loops_ring, uniq_sigmund, uniq_crazy_yiuf_cottage,
          uniq_jessica, uniq_pargi
D:4:      layout_cave_pools, minmay_hedge_maze, uniq_eustachio
D:5:      layout_rooms, kennysheep_generic_room_3, uniq_menkaure, uniq_pikel
D:6:      dreamdust_elfheim, layout_basic, nicolae_overflow_two_pavilions,
          minmay_temple_entry_trees, serial_shops,
          nicolae_shop_tiny_real_fake_doors, nrook_campfire, uniq_jeremiah
D:7:      layout_loops_ring, mainiacjoe_overflow_boulevard, lemuel_round_altar,
          hangedman_abyss_or_decor_passed, nicolae_zen_rock_garden
D:8:      layout_loops_ring, minmay_lair_entry_grove, gammafunk_ghost_split
D:9:      layout_gridville, uniq_maggie
D:10:     layout_basic, kennysheep_orc_monster_closet_entryway
D:11:     layout_long_grid
D:12:     layout_rooms, serial_rivers, chequers_serial_rivers_marsh,
          chequers_serial_rivers_room_a, chequers_serial_rivers_small_b,
          chequers_serial_rivers_small_b, serial_shops, shop, zin_purify
D:13:     layout_roguey, minmay_ruined_shrine, uniq_sonja, uniq_azrael,
          uniq_rupert
Lair:1:   layout_chaotic_city, chequers_serial_rivers_marsh,
          serial_bayou_shore_a
Lair:2:   layout_layer_cave, elwin_shoals_entry_rooms, uniq_fannar,
          uniq_nergalle
Lair:3:   layout_gridlike, nicolae_spider_entry_orb_guardian
Lair:4:   layout_regular_city, minmay_slime_entry_oklob_open, enter_volcano_4,
          grunt_megastairs_1, serial_bayou_shore_b
Lair:5:   hellmonk_lair_end_abyssal_woods, layout_loops_ring
Orc:1:    layout_caves, nicolae_orc_lost_temple, uniq_erica
Orc:2:    st_orc_elflike, layout_caves

Notes
Turn   | Place    | Note
-------+----------+-------------------------------------------
     0 | D:1      | scionoferis the Hill Orc Monk began the quest for the Orb.
     0 | D:1      | Reached XP level 1. HP: 19/19 MP: 1/1
    77 | D:1      | Reached XP level 2. HP: 27/27 MP: 2/2
   310 | D:1      | Reached skill level 4 in Fighting
   345 | D:1      | Reached skill level 4 in Unarmed Combat
   463 | D:1      | Reached XP level 3. HP: 32/33 MP: 3/3
  1306 | D:1      | Reached XP level 4. HP: 11/41 MP: 4/4
  1307 | D:1      | HP: 4/41 [gnoll/+0 spear (3)]
  1462 | D:2      | Reached skill level 5 in Unarmed Combat
  1555 | D:2      | Found an opulent altar of Gozag.
  1684 | D:2      | Found Zyejem's Weapon Shoppe.
  2087 | D:3      | Noticed Pargi
  2091 | D:3      | Killed Pargi
  2092 | D:3      | Reached skill level 5 in Fighting
  2092 | D:3      | Reached XP level 5. HP: 48/48 MP: 5/5
  2155 | D:3      | Reached skill level 6 in Unarmed Combat
  2179 | D:3      | Noticed Jessica
  2208 | D:3      | Killed Jessica
  2209 | D:3      | Reached XP level 6. HP: 48/56 MP: 6/6
  2525 | D:3      | HP: 4/57 [iguana (6)]
  2731 | D:3      | Noticed Sigmund
  2734 | D:3      | Killed Sigmund
  2735 | D:3      | Reached skill level 6 in Fighting
  2735 | D:3      | Reached skill level 7 in Unarmed Combat
  2735 | D:3      | Reached XP level 7. HP: 60/63 MP: 7/7
  2972 | D:3      | Found a runed translucent door.
  2973 | D:3      | Noticed Crazy Yiuf
  3004 | D:3      | Killed Crazy Yiuf
  3119 | D:4      | Reached skill level 1 in Armour
  3337 | D:4      | Reached skill level 8 in Unarmed Combat
  3473 | D:4      | Noticed Eustachio
  3508 | D:4      | Killed Eustachio
  3509 | D:4      | Reached skill level 2 in Armour
  3509 | D:4      | Reached XP level 8. HP: 61/71 MP: 8/8
  3669 | D:5      | Entered Level 5 of the Dungeon
  3694 | D:5      | Reached skill level 7 in Fighting
  3779 | D:5      | Reached skill level 3 in Armour
  3893 | D:5      | Noticed Menkaure
  3897 | D:5      | Killed Menkaure
  3898 | D:5      | Reached skill level 9 in Unarmed Combat
  4189 | D:5      | Noticed Pikel
  4207 | D:5      | Killed Pikel
  4208 | D:5      | Reached skill level 8 in Fighting
  4208 | D:5      | Reached skill level 4 in Armour
  4208 | D:5      | Reached skill level 10 in Unarmed Combat
  4208 | D:5      | Reached XP level 9. HP: 32/81 MP: 9/9
  4784 | D:5      | Reached skill level 5 in Armour
  5186 | D:6      | Found a hide-covered altar of Uskayaw.
  5186 | D:6      | Found an ornate altar of the Wu Jian Council.
  5478 | D:6      | Reached skill level 9 in Fighting
  5478 | D:6      | Reached skill level 11 in Unarmed Combat
  5662 | D:6      | Noticed Jeremiah
  5679 | D:6      | Became a worshipper of Beogh the Brigand
  5679 | D:6      | Reached * piety under Beogh
  5679 | D:6      | Reached ** piety under Beogh
  5795 | D:6      | Found Reuh's Armour Boutique.
  6044 | D:6      | Found a staircase to the Ecumenical Temple.
  6146 | D:6      | Killed Jeremiah
  6147 | D:6      | Reached skill level 1 in Evocations
  6418 | D:7      | Reached skill level 3 in Dodging
  6418 | D:7      | Reached XP level 10. HP: 81/91 MP: 10/10
  6583 | D:7      | Found an opulent altar of Gozag.
  6649 | D:7      | Reached skill level 2 in Evocations
  6722 | D:7      | Reached skill level 1 in Invocations
  7190 | D:7      | Found a shimmering altar of Xom.
  7368 | D:8      | Reached skill level 2 in Invocations
  7416 | D:8      | Reached skill level 12 in Unarmed Combat
  7436 | D:8      | Reached skill level 6 in Armour
  7436 | D:8      | Reached skill level 3 in Invocations
  7540 | D:8      | Reached skill level 4 in Invocations
  7696 | D:8      | Reached skill level 3 in Evocations
  7704 | D:8      | Found a staircase to the Lair.
  7840 | D:8      | Reached *** piety under Beogh
  7940 | D:8      | Noticed a two-headed ogre
  8063 | D:8      | a two-headed ogre changed into a water moccasin
  8094 | D:8      | Noticed tinfoiltophat's ghost (novice DjFE)
  8095 | D:8      | Found a runed translucent gate.
  8096 | D:8      | Found a runed translucent gate.
  8097 | D:8      | Found a runed translucent gate.
  8256 | D:8      | Reached skill level 10 in Fighting
  8266 | D:8      | Reached skill level 5 in Invocations
  8703 | Lair:1   | Entered Level 1 of the Lair of Beasts
  8758 | D:9      | You fall into a shaft and drop 1 floor!
  8758 | D:10     | Entered Level 10 of the Dungeon
  8818 | D:10     | Found a staircase to the Orcish Mines.
  8853 | D:10     | Reached XP level 11. HP: 95/99 MP: 13/15
  8860 | D:10     | Reached skill level 4 in Dodging
  9175 | D:10     | Reached skill level 6 in Invocations
  9743 | D:9      | Reached **** piety under Beogh
  9786 | D:9      | Identified the +5 plate armour "Ytij" {Contam +Blink Str+5
                  | SInv}
  9941 | D:9      | Reached skill level 4 in Evocations
 10041 | D:9      | Noticed Maggie
 10044 | D:9      | Reached skill level 7 in Armour
 10048 | D:9      | Killed Maggie
 10342 | D:10     | Reached skill level 13 in Unarmed Combat
 10429 | D:10     | Noticed a two-headed ogre
 10437 | D:10     | Killed a two-headed ogre
 10438 | D:10     | Reached skill level 7 in Invocations
 10519 | D:11     | Noticed a two-headed ogre
 10531 | D:10     | Killed a two-headed ogre
 10830 | D:11     | Noticed a two-headed ogre
 10838 | D:11     | Killed a two-headed ogre
 11050 | D:11     | Reached skill level 8 in Invocations
 11523 | D:12     | Found Zin's Purification Station.
 11523 | D:12     | Found a glowing silver altar of Zin.
 11607 | D:11     | Reached XP level 12. HP: 70/108 MP: 18/18
 11852 | D:11     | Reached skill level 11 in Fighting
 11852 | D:11     | Reached skill level 5 in Dodging
 11956 | D:11     | Reached skill level 5 in Evocations
 12215 | D:11     | Reached skill level 9 in Invocations
 12384 | D:11     | Reached skill level 8 in Armour
 12581 | D:12     | Bought a potion of curing for 90 gold pieces
 12672 | D:12     | Reached ***** piety under Beogh
 12683 | D:12     | Found Joikhosa's General Store.
 12711 | D:12     | Reached skill level 14 in Unarmed Combat
 12748 | D:12     | Bought a scroll of identify for 28 gold pieces
 12748 | D:12     | Bought a scroll of identify for 28 gold pieces
 12912 | D:12     | Noticed a two-headed ogre
 13046 | D:12     | Killed a two-headed ogre
 13502 | D:8      | Reached skill level 10 in Invocations
 13884 | Lair:1   | Gained Berold as an ally
 13928 | Lair:1   | Gained Gorbash as an ally
 14196 | Lair:1   | Noticed an eight-headed hydra
 14201 | Lair:1   | Killed an eight-headed hydra
 14711 | Lair:2   | Noticed Nergalle
 14714 | Lair:2   | Killed Nergalle
 14715 | Lair:2   | Reached skill level 6 in Evocations
 14834 | Lair:2   | Reached XP level 13. HP: 72/117 MP: 21/21
 14842 | Lair:2   | Reached skill level 11 in Invocations
 15167 | Lair:2   | Reached skill level 9 in Armour
 15225 | Lair:2   | Reached skill level 12 in Fighting
 15413 | Lair:2   | Found a staircase to the Shoals.
 15486 | Lair:2   | Noticed Fannar
 15491 | Lair:2   | Killed Fannar
 15492 | Lair:2   | Reached skill level 15 in Unarmed Combat
 16103 | Lair:3   | Reached skill level 12 in Invocations
 16297 | Lair:3   | Found a hole to the Spider Nest.
 16982 | Lair:4   | Found a dark tunnel.
 16995 | Volcano  | Entered a volcano
 17340 | Volcano  | Found a bloodstained altar of Trog.
 17465 | Volcano  | Reached skill level 13 in Invocations
 17881 | Lair:4   | Reached skill level 10 in Armour
 17883 | Lair:4   | Reached skill level 16 in Unarmed Combat
 18018 | Lair:4   | Reached XP level 14. HP: 116/127 MP: 17/24
 18058 | Lair:4   | Found a staircase to the Slime Pits.
 18441 | Lair:4   | Reached skill level 13 in Fighting
 18670 | Lair:5   | Entered Level 5 of the Lair of Beasts
 18706 | Lair:4   | Reached skill level 14 in Invocations
 19287 | Lair:5   | Found a corrupted altar of Lugonu.
 19287 | Lair:5   | Found a one-way gate to the infinite horrors of the Abyss.
 20239 | D:13     | Noticed Rupert
 20291 | Orc:1    | Entered Level 1 of the Orcish Mines
 20524 | Orc:1    | Noticed Erica
 20533 | Orc:1    | Killed Erica
 20898 | Orc:2    | Entered Level 2 of the Orcish Mines
 20904 | Orc:2    | Reached skill level 15 in Invocations
 20910 | Orc:2    | Gained Milork as an ally
 20917 | Orc:2    | Your ally Milork died
 20923 | Orc:2    | Reached skill level 17 in Unarmed Combat
 20936 | Orc:2    | Identified a +2 robe of resistance
 20942 | Orc:2    | Gained Boderik as an ally
 20950 | Orc:2    | Slain by an orc knight

Vanquished Creatures
  2 hydras (Lair:1 Lair:5)
  Fannar (Lair:2)
  A catoblepas (Lair:2)
  Erica (Orc:1)
  An ogre mage (Volcano)
  5 two-headed ogres (D:10 D:11 Volcano Orc:2)
  A boulder beetle (Lair:4)
  2 death yaks (Lair:3)
  2 orc high priests (Orc:2)
  Nergalle (Lair:2)
  A hell knight (Volcano)
  5 skeletal warriors (D:11 D:12)
  An orb spider (Lair:3)
  Pikel (D:5)
  2 ugly things (D:11 Lair:5)
  2 orc knights (Orc:2)
  An oklob plant (Lair:4)
  3 orc sorcerers (Orc:2)
  An elephant (Lair:3)
  2 molten gargoyles (Volcano)
  Jeremiah (D:6)
  7 cane toads (Lair:2 Lair:3 Lair:4)
  An unseen horror (D:11)
  Maggie (D:9)
  A rime drake (Lair:4)
  4 komodo dragons (Lair:2 Lair:3 Lair:4)
  7 trolls (D:10 D:9 D:11 D:12 Orc:1)
  5 blink frogs (Lair:2 Lair:4)
  Sigmund (D:3)
  A spriggan (Lair:5)
  A ynoxinul (Lair:5)
  2 wraiths (D:10 D:11)
  6 wyverns (D:6 D:8 Lair:2)
  Eustachio (D:4)
  A basilisk (Lair:4)
  A fire bat (Volcano)
  A chaos spawn (Lair:5)
  2 vampire mosquitoes (D:10)
  Menkaure (D:5)
  A steam dragon (D:10)
  28 yaks (D:8 D:11 D:12 Lair:2 Lair:4)
  A warg (Orc:2)
  13 water moccasins (D:4 D:6 D:8 D:9 Lair:1)
  Pargi (D:3)
  2 black bears (D:5 Lair:2)
  5 orc warriors (D:10 D:9 Orc:2)
  A sky beast (D:6)
  12 ogres (D:5 D:10 Orc:1)
  3 centaurs (D:9 D:10 D:12)
  2 lemures (D:5)
  A phantom (D:4)
  6 kobold brigands (D:7 D:8 D:10)
  3 gnoll sergeants (D:6 D:10 D:11)
  11 bullfrogs (D:7 D:6 D:8 Lair:1 Lair:3)
  5 scorpions (D:3 D:4 D:5 D:7)
  5 wights (D:7)
  3 howler monkeys (D:6 D:9)
  An electric eel (Lair:1)
  4 lava snakes (Volcano)
  3 orc priests (D:9 Orc:2)
  4 hounds (D:6 D:7)
  Crazy Yiuf (D:3)
  2 jellies (D:3 D:7)
  Jessica (D:3)
  A sleepcap (D:4)
  5 iguanas (D:3 D:4 D:6 D:7)
  2 hell rats (Lair:4)
  5 orc wizards (D:8 D:9 Orc:1)
  5 small abominations (Lair:5)
  13 gnolls (D:1 D:2 D:5 D:6 D:11)
  6 adders (D:2 D:5 D:6)
  An adder (shapeshifter) (Lair:5)
  2 white imps (D:6 D:8)
  2 ufetubi (D:5)
  2 worms (D:2)
  3 dart slugs (D:1 D:4 D:5)
  22 orcs (D:3 D:5 D:7 D:8 D:10)
  3 ball pythons (D:2)
  3 endoplasms (D:1 D:2 D:3)
  5 giant cockroaches (D:1 D:2)
  9 goblins (D:1 D:2 D:4)
  8 hobgoblins (D:1 D:2 D:3 D:4)
  4 jackals (D:1)
  18 kobolds (D:1 D:2 D:3 D:4 D:7)
  3 quokkas (D:1 D:2)
  5 bats (D:2 D:3)
  4 frilled lizards (D:1 D:2)
  A rat (D:2)
332 creatures vanquished.

Vanquished Creatures (collateral kills)
  A hydra (Lair:4)
  3 two-headed ogres (D:10 D:12 Volcano)
  3 death yaks (Lair:3)
  3 thrashing horrors (Lair:5)
  4 skeletal warriors (D:11 D:12)
  2 ugly things (Lair:5)
  3 elephants (Lair:3)
  2 merfolk sirens (Lair:2)
  3 black mambas (Lair:1 Lair:3 Lair:4)
  A smoke demon (Lair:5)
  A black mamba (shapeshifter) (Lair:5)
  An unseen horror (D:11)
  5 cane toads (Lair:3 Lair:4)
  A kobold demonologist (D:10)
  7 komodo dragons (D:11 Lair:1 Lair:2 Lair:4 Lair:5)
  3 rime drakes (D:8 Lair:1)
  A troll (D:10)
  3 polar bears (Lair:2 Lair:3 Lair:5)
  2 large abominations (Lair:5)
  13 blink frogs (Lair:2 Lair:4 Lair:5)
  A raiju (Lair:5)
  A wraith (D:12)
  2 wyverns (D:10 Lair:4)
  22 yaks (D:11 D:12 Lair:1 Lair:2 Lair:4)
  4 basilisks (Lair:1 Lair:4 Lair:5)
  2 vampire mosquitoes (D:11)
  A basilisk (shapeshifter) (D:11)
  2 wargs (Orc:1 Orc:2)
  6 water moccasins (D:8 Lair:2 Lair:3 Lair:4)
  4 orc warriors (D:9 Orc:2)
  4 ogres (D:11 Orc:1)
  3 wolves (Lair:3)
  6 bullfrogs (Lair:1 Lair:2 Lair:4)
  4 small abominations (Lair:5)
  2 electric eels (Lair:1)
  A howler monkey (D:9)
  5 orc priests (Orc:1 Orc:2)
  3 hell rats (Lair:4)
  9 orc wizards (D:9 Orc:1 Orc:2)
  3 gnolls (D:11 Orc:1)
  7 orcs (D:9 Orc:1 Orc:2)
  A jackal (shapeshifter) (Lair:5)
  2 kobolds (D:11)
157 creatures vanquished.

Vanquished Creatures (others)
  A two-headed ogre (Volcano)
  An orc high priest (Orc:2)
  2 orc sorcerers (Orc:2)
  6 orc warriors (D:10 D:12 Lair:1 Orc:2)
  5 orc priests (D:6 D:9 Orc:2)
  3 orc wizards (D:6 D:10 Orc:2)
  18 orcs (D:6 D:8 D:10 D:9 Orc:1)
36 creatures vanquished.

Grand Total: 525 creatures vanquished

Table legend: (Time is in decaauts)
 A = Elapsed time spent in this place.
 B = Non-inter-level travel time spent in this place.
 C = Inter-level travel time spent in this place.
 D = Time resting spent in this place.
 E = Time spent auto-exploring this place.
 F = Levels seen in this place.
 G = Mean time per level.
                   A        B        C        D        E       F      G
               +--------+--------+--------+--------+--------+-----+--------+
         Total |  20732 |  19341 |   1391 |   3431 |  10302 |  21 |  987.2 |
       Dungeon |  13617 |  12724 |    893 |   2143 |   7148 |  13 | 1047.5 |
          Lair |   5800 |   5360 |    440 |    996 |   2868 |   5 | 1160.0 |
  Orcish Mines |    599 |    541 |     58 |    109 |    286 |   2 |  299.5 |
       Volcano |    715 |    715 |      0 |    183 |      0 |   1 |  715.0 |
               +--------+--------+--------+--------+--------+-----+--------+

Top non-repeatable levels by time:
    D:11: 1776 daAuts
     D:8: 1567 daAuts
     D:2: 1295 daAuts
    D:10: 1267 daAuts
  Lair:2: 1218 daAuts
  Lair:4: 1208 daAuts
     D:6: 1183 daAuts
  Lair:1: 1177 daAuts
     D:5: 1126 daAuts
  Lair:5: 1114 daAuts
  Lair:3: 1081 daAuts
     D:4: 987 daAuts
    D:12: 976 daAuts
     D:1: 946 daAuts
     D:7: 927 daAuts

Table legend:
 A = Non-vault XP
 B = Vault XP
 C = Vault XP percentage of total XP
 D = Non-vault monster count
 E = Vault monster count
 F = Vault count percentage of total count
                 A         B        C        D         E       F
            +---------+---------+-------+---------+---------+-------
      Total |   50246 |   26580 |  34.6 |     384 |     103 |  21.1
            +---------+---------+-------+---------+---------+-------
        D:1 |      63 |       0 |   0.0 |      21 |       0 |   0.0
        D:2 |      90 |       0 |   0.0 |      28 |       0 |   0.0
        D:3 |     181 |     439 |  70.8 |      14 |       4 |  22.2
        D:4 |     428 |     196 |  31.4 |      15 |       1 |   6.2
        D:5 |     920 |    1035 |  52.9 |      19 |       4 |  17.4
        D:6 |     954 |     418 |  30.5 |      17 |       1 |   5.6
        D:7 |     813 |       0 |   0.0 |      16 |       0 |   0.0
        D:8 |    1875 |    2217 |  54.2 |      20 |      12 |  37.5
        D:9 |    1017 |     294 |  22.4 |      19 |       1 |   5.0
       D:10 |    3049 |    1589 |  34.3 |      11 |      16 |  59.3
       D:11 |    7173 |     110 |   1.5 |      35 |       1 |   2.8
       D:12 |    4041 |       0 |   0.0 |      14 |       0 |   0.0
     Lair:1 |    3209 |       0 |   0.0 |      19 |       0 |   0.0
     Lair:2 |    4828 |    2361 |  32.8 |      25 |       4 |  13.8
     Lair:3 |    7789 |     701 |   8.3 |      22 |       1 |   4.3
     Lair:4 |    7893 |     971 |  11.0 |      41 |       4 |   8.9
     Lair:5 |    1942 |    7829 |  80.1 |       8 |      34 |  81.0
      Orc:1 |     889 |     529 |  37.3 |      19 |       1 |   5.0
      Orc:2 |    3092 |    2562 |  45.3 |      21 |       7 |  25.0
    Volcano |       0 |    5329 | 100.0 |       0 |      12 | 100.0
            +---------+---------+-------+---------+---------+-------
